 Dungeon Crawl Stone Soup version 0.20.1-1-g8b1a95d (webtiles) character file.

8960 Trubado the Merchant of Misery (level 11, -4/87 HPs)
             Began as a Deep Dwarf Necromancer on Dec 12, 2017.
             Was a Believer of Kikubaaqudgha.
             Slain by a komodo dragon (21 damage)
             ... on level 1 of the Lair of Beasts on Dec 13, 2017.
             The game lasted 01:54:11 (13918 turns).

Trubado the Merchant of Misery (DDNe)              Turns: 13918, Time: 01:54:11

Health: -4/87      AC: 11    Str: 14    XL:     11   Next: 16%
Magic:  5/24       EV: 14    Int: 19    God:    Kikubaaqudgha [**....]
Gold:   446        SH:  0    Dex: 13    Spells: 13/28 levels left

rFire    + . .     SeeInvis .   b - +0 blowgun
rCold    . . .     Gourm    +   (no shield)
rNeg     . . .     Faith    .   N - +0 robe
rPois    +         Spirit   .   n - +1 helmet
rElec    .         Reflect  .   w - +2 cloak
rCorr    .         Harm     .   A - +0 pair of gloves
MR       ++...                  W - +2 pair of boots {Fly}
Stlth    +++.......             m - amulet of the gourmand
Regen    0.0/turn               v - ring of protection from fire
MPRegen  0.2/turn               o - ring "Zajisaz" {+Inv rPois MR+ Str+2}

@: flying, non-regenerating
A: damage resistance, heal wounds, sense surroundings 2, no regeneration
a: Heal Wounds, Receive Corpses, Renounce Religion, Evoke Invisibility, Stop
Flying


You were on level 1 of the Lair of Beasts.
You worshipped Kikubaaqudgha.
Kikubaaqudgha was pleased with you.
You were completely stuffed.

You visited 3 branches of the dungeon, and saw 11 of its levels.
You also visited: Labyrinth.

You collected 446 gold pieces.

Inventory:

Hand Weapons
 a - a +3 broad axe
 b - a +0 blowgun (weapon)
 B - a +0 hunting sling
 D - a +3 long sword of freezing
 U - the +5 demon whip "Spellbinder" {antimagic, MR+}
   (You found it in a labyrinth)

   It reduces the magical energy of the wielder, and disrupts the spells and
   magical abilities of those hit.
   Natural abilities and divine invocations are not affected.
   It affects your resistance to hostile enchantments.
Missiles
 p - 36 sling bullets
 r - 53 bolts
 I - 28 poisoned needles (quivered)
Armour
 n - a +1 helmet (worn)
 w - a +2 cloak (worn)
 A - a +0 pair of gloves (worn)
 N - a +0 robe (worn)
 W - a +2 pair of boots of flying (worn)
Jewellery
 d - a +3 ring of evasion {unknown}
 m - an amulet of the gourmand (around neck)
 o - the ring "Zajisaz" (right hand) {+Inv rPois MR+ Str+2}
   (You found it on level 7 of the Dungeon)

   [ring of protection from magic]

   It affects your strength (+2).
   It protects you from poison.
   It affects your resistance to hostile enchantments.
   It lets you turn invisible.
 v - a ring of protection from fire (left hand)
 P - an uncursed ring of positive energy {unknown}
 R - a cursed ring of loudness {unknown}
 S - an uncursed ring of positive energy {unknown}
Wands
 s - a wand of clouds (6/9)
 H - a wand of lightning (0/15)
 L - a wand of acid (0/15)
Scrolls
 e - a scroll of random uselessness {unknown}
 g - 4 scrolls of recharging
 h - 7 scrolls of identify
 j - 4 scrolls of teleportation
 l - 3 scrolls of enchant armour
 q - 8 scrolls of remove curse
 u - 2 scrolls of enchant weapon {unknown}
 E - 2 scrolls of amnesia
 M - a scroll of vulnerability {unknown}
 O - 2 scrolls of fear
Potions
 f - a potion of resistance {unknown}
 k - a potion of curing
 C - 2 potions of invisibility
 T - a potion of haste {unknown}
Books
 t - a book of the Tempests

   Spells                             Type                      Level
   a - Static Discharge               Conjuration/Air              3
   b - Lightning Bolt                 Conjuration/Air              5
   c - Ignition                       Fire                         8
   d - Tornado                        Air                          9
   e - Shatter                        Earth                        9
 z - Kikubaaqudgha's Guide on Black Secrets
   (Kikubaaqudgha gifted it to you on level 7 of the Dungeon)

   Spells                             Type                      Level
   a - Pain                           Necromancy                   1
   b - Corpse Rot                     Necromancy                   2
   c - Sublimation of Blood           Necromancy                   2
   d - Vampiric Draining              Necromancy                   3
   e - Control Undead                 Necromancy                   4
 G - a book of Necromancy

   Spells                             Type                      Level
   a - Pain                           Necromancy                   1
   b - Animate Skeleton               Necromancy                   1
   c - Vampiric Draining              Necromancy                   3
   d - Regeneration                   Charms/Necromancy            3
   e - Animate Dead                   Necromancy                   4
   f - Control Undead                 Necromancy                   4
 K - a book of Air

   Spells                             Type                      Level
   a - Shock                          Conjuration/Air              1
   b - Swiftness                      Charms/Air                   2
   c - Static Discharge               Conjuration/Air              3
   d - Airstrike                      Air                          4
   e - Lightning Bolt                 Conjuration/Air              5
 Q - the Grimoire of Lucky Flames
   (You found it in a labyrinth)

   Spells                             Type                      Level
   a - Infusion                       Charms                       1
   b - Flame Tongue                   Conjuration/Fire             1
   c - Shroud of Golubria             Charms/Translocation         2
   d - Excruciating Wounds            Charms/Necromancy            5
   e - Deflect Missiles               Charms/Air                   6
Comestibles
 c - 5 bread rations
 i - 10 meat rations
 x - 9 royal jellies
 F - 12 fruits
 V - a chunk of flesh


   Skills:
 + Level 2.4 Fighting
   Level 0.8(1.4) Short Blades
 + Level 2.0(2.2) Long Blades
 + Level 5.0(5.1) Axes
 + Level 0.8(3.0) Maces & Flails
 + Level 1.9 Throwing
 + Level 5.2 Dodging
 + Level 5.2 Stealth
 + Level 9.2 Spellcasting
 + Level 12.1 Necromancy
 + Level 0.6 Evocations


You had 13 spell levels left.
You knew the following spells:

 Your Spells              Type           Power        Failure   Level  Hunger
a - Pain                  Necr           ####         1%          1    None
b - Animate Skeleton      Necr           N/A          1%          1    None
c - Vampiric Draining     Necr           ######....   1%          3    None
d - Control Undead        Necr           ######....   1%          4    ###....
e - Corpse Rot            Necr           N/A          1%          2    None
f - Animate Dead          Necr           N/A          1%          4    ###....


Dungeon Overview and Level Annotations

Branches:
Dungeon (9/15)             Temple (1/1) D:6            Lair (1/6) D:9
    Orc: D:9-12

Altars:
Ashenzari
Cheibriados
Dithmenos
Elyvilon
Fedhas
Gozag
Hepliaklqana
Kikubaaqudgha
Makhleb
Nemelex Xobeh
Okawaru
Qazlal
Ru
Sif Muna
Trog
Uskayaw
Vehumet
Xom
Yredelemnul
Zin
The Shining One
Lugonu

Shops:
D:7 (   D:8 =:

Annotations:
D:5 Blork the orc


Innate Abilities, Weirdness & Mutations

You are resistant to damage.
You can heal yourself by infusing magical energy.
You passively map the area around you.
You do not regenerate.


Message History

Okay, then.
Casting: Vampiric Draining
Confirm with . or Enter, or press ? or * to list all spells.
Aiming: Vampiric Draining
Press: ? - help, Shift-Dir - straight line, f - komodo dragon
Aim: a komodo dragon The komodo dragon is lightly wounded.
You feel life coursing into your body.
Your yak zombie barely misses the komodo dragon.
The komodo dragon bites you!!
* * * LOW HITPOINT WARNING * * *
Casting: Vampiric Draining
Confirm with . or Enter, or press ? or * to list all spells.
Aiming: Vampiric Draining
Press: ? - help, Shift-Dir - straight line, f/p - komodo dragon
Aim: a komodo dragon (lightly wounded)
The komodo dragon is heavily wounded.
You feel life coursing into your body. The komodo dragon bites you!!
You die...
Kikubaaqudgha rasps: "You have failed me!
Welcome... death!"

#...# .....* ###..##.
....* #...# #.#.....
##.(### .(#.# #....##
...#.###...# ##..###
*#..........# ###..#..
#...# #.P# #...###.
##(#####.#######.......
#..(..................
#...l@#..########..###
###ZZ##### #..# #..#
#..### #.Z# #.....
#..## ##.### #...# ###
#.# #..#######.#####.#
##...#P#..Z.......# #
##........#######.####


You could see a komodo dragon and 3 friendly yak zombies.

Vanquished Creatures
  A minotaur (Lab)
  The ghost of AGinkyLinky the Cleaver, a novice MiBe of Trog (D:8)
  2 two-headed ogres (D:8)
  2 komodo dragons (Lair:1)
  2 dream sheep (D:8)
  2 blink frogs (Lair:1)
  Sigmund (D:3)
  10 yaks
  A water moccasin (Lair:1)
  Duvessa (D:5)
  An ice beast (D:8)
  An orc warrior (D:6)
  2 sky beasts
  2 ogres
  2 black bears
  A wolf (Lair:1)
  3 centaurs
  A crocodile (Lair:1)
  3 big kobolds
  5 bullfrogs
  Dowan (D:5)
  2 water moccasin skeletons
  5 killer bees (D:9)
  4 wights
  4 howler monkeys
  4 crimson imps
  A bullfrog zombie (D:5)
  A quasit (D:9)
  5 hounds
  A jelly (D:8)
  3 orc priests
  2 bullfrog skeletons
  10 orc wizards
  A gnoll shaman (D:4)
  Crazy Yiuf (D:7)
  Jessica (D:3)
  Natasha (twice) (D:3)
  2 worker ants
  A hound zombie (D:5)
  2 worker ant zombies
  11 adders
  4 gnolls (D:4)
  A howler monkey skeleton (D:9)
  An ooze (D:4)
  3 worms
  2 dart slugs
  2 leopard geckos (D:1)
  17 orcs
  A ball python (D:3)
  4 bats
  2 giant cockroaches
  3 goblins
  8 hobgoblins
  6 jackals
  2 kobolds
  A quokka (D:7)
  3 frilled lizards
  5 rats
173 creatures vanquished.

Vanquished Creatures (collateral kills)
  A komodo dragon (Lair:1)
  2 blink frogs (Lair:1)
  2 yaks (Lair:1)
  A porcupine (Lair:1)
  A black bear (D:9)
  An ogre (D:6)
  A big kobold (D:8)
  A bullfrog (D:6)
  A killer bee (D:9)
  3 wights
  2 howler monkeys (D:7)
  A crimson imp (D:8)
  3 hounds
  A quasit (D:7)
  A hound skeleton (D:5)
  A gnoll (D:4)
  A howler monkey skeleton (D:6)
  An adder (D:5)
  A worm (D:6)
  7 orcs
  2 jackals (D:7)
  A frilled lizard (D:5)
  4 kobolds (D:9)
  A fungus (Lair:1)
41 creatures vanquished.

Vanquished Creatures (others)
  4 fungi (Lair:1)
  7 plants
11 creatures vanquished.

Grand Total: 225 creatures vanquished

Notes
Turn   | Place    | Note
-------+----------+-------------------------------------------
     0 | D:1      | Trubado the Deep Dwarf Necromancer began the quest for the Orb.
     0 | D:1      | Reached XP level 1. HP: 15/15 MP: 3/3
   344 | D:1      | Reached XP level 2. HP: 17/22 MP: 2/4
   370 | D:1      | Learned a level 1 spell: Animate Skeleton
   994 | D:1      | Reached XP level 3. HP: 21/28 MP: 0/6
  1126 | D:2      | Learned a level 3 spell: Vampiric Draining
  1880 | D:3      | Noticed Jessica
  1890 | D:3      | Killed Jessica
  1890 | D:3      | Reached skill level 5 in Necromancy
  1890 | D:3      | Reached XP level 4. HP: 34/36 MP: 6/8
  2120 | D:3      | Noticed Sigmund
  2127 | D:3      | Killed Sigmund
  2127 | D:3      | Reached XP level 5. HP: 29/42 MP: 0/10
  2419 | D:3      | Noticed Natasha
  2421 | D:3      | Killed Natasha
  2421 | D:3      | Reached XP level 6. HP: 40/49 MP: 11/11
  2433 | D:3      | Learned a level 4 spell: Control Undead
  2506 | D:3      | Noticed Natasha
  2512 | D:3      | Killed Natasha
  2512 | D:3      | Reached skill level 6 in Necromancy
  3034 | D:4      | Reached skill level 1 in Axes
  3224 | D:4      | Reached XP level 7. HP: 46/56 MP: 1/13
  3556 | D:5      | Entered Level 5 of the Dungeon
  3656 | D:5      | Noticed Duvessa
  3660 | D:5      | Noticed Dowan
  3699 | D:5      | Killed Duvessa
  3908 | D:5      | Noticed Blork the orc
  3961 | D:6      | Reached skill level 7 in Necromancy
  4285 | D:5      | Killed Dowan
  4621 | D:5      | Reached skill level 5 in Spellcasting
  4621 | D:5      | Reached XP level 8. HP: 32/63 MP: 15/15
  5018 | D:6      | Found a sparkling altar of Nemelex Xobeh.
  5029 | D:6      | Found a white marble altar of Elyvilon.
  5054 | D:6      | Found an iron altar of Okawaru.
  5057 | D:6      | Found a hazy altar of Hepliaklqana.
  5214 | D:6      | Reached skill level 8 in Necromancy
  5450 | D:6      | Found a staircase to the Ecumenical Temple.
  5472 | Temple   | Entered the Ecumenical Temple
  5509 | Temple   | Became a worshipper of Kikubaaqudgha
  5789 | D:6      | Found an opulent altar of Gozag.
  5991 | D:7      | Reached skill level 1 in Fighting
  6215 | D:6      | Found a deep blue altar of Sif Muna.
  6233 | D:6      | Found a stormy altar of Qazlal.
  6237 | D:6      | Found a shimmering altar of Xom.
  6237 | D:6      | Found a snail-covered altar of Cheibriados.
  6237 | D:6      | Found a basalt altar of Yredelemnul.
  6237 | D:6      | Found a shattered altar of Ashenzari.
  6239 | D:6      | Found a shadowy altar of Dithmenos.
  6240 | D:6      | Found a bloodstained altar of Trog.
  6303 | D:6      | Found a burning altar of Makhleb.
  6317 | D:6      | Found a sacrificial altar of Ru.
  6649 | D:7      | Found Lalehim's Weapon Shop.
  6754 | D:7      | Got a steaming platinum ring
  6755 | D:7      | Identified the ring "Zajisaz" {+Inv rPois MR+ Str+2} (You found it on level 7 of the Dungeon)
  6936 | D:7      | Gained mutation: You passively map the area around you. [Deep Dwarf growth]
  6936 | D:7      | Reached XP level 9. HP: 67/70 MP: 18/18
  6949 | D:7      | Reached * piety under Kikubaaqudgha
  6949 | D:7      | Identified Kikubaaqudgha's Guide on Black Secrets (Kikubaaqudgha gifted it to you on level 7 of the Dungeon)
  6949 | D:7      | Received a gift from Kikubaaqudgha
  7115 | D:7      | Reached skill level 9 in Necromancy
  7515 | D:7      | Found a runed door.
  7630 | D:7      | Reached skill level 1 in Long Blades
  7934 | D:7      | Noticed Crazy Yiuf
  7939 | D:7      | Killed Crazy Yiuf
  7946 | D:7      | Learned a level 2 spell: Corpse Rot
  8039 | D:8      | Noticed a two-headed ogre
  8077 | D:8      | Noticed AGinkyLinky's ghost (novice MiBe)
  8176 | D:8      | Found Nohaehe's Book Emporium.
  8456 | D:8      | Noticed a three-headed hydra
  8574 | D:8      | Noticed a two-headed ogre
  8694 | D:8      | Found Liveof's Jewellery Shop.
  8729 | D:8      | Your ally AGinkyLinky died
  8733 | D:8      | Killed a two-headed ogre
  8733 | D:8      | Reached skill level 10 in Necromancy
  9185 | D:8      | Killed a two-headed ogre
  9185 | D:8      | Reached skill level 5 in Stealth
  9185 | D:8      | Reached XP level 10. HP: 46/80 MP: 19/21
  9795 | D:9      | Found a staircase to the Lair.
  9946 | D:9      | Reached ** piety under Kikubaaqudgha
  9959 | D:9      | Learned a level 4 spell: Animate Dead
 10416 | D:9      | Reached skill level 5 in Axes
 10594 | D:9      | Reached skill level 5 in Dodging
 10970 | Lair:1   | Entered Level 1 of the Lair of Beasts
 10970 | Lair:1   | Found a labyrinth entrance.
 10976 | Lab      | Entered a labyrinth
 11888 | Lab      | Noticed a minotaur
 12397 | Lab      | Killed a minotaur
 12397 | Lab      | Reached skill level 11 in Necromancy
 12413 | Lab      | Identified the Grimoire of Lucky Flames
 12773 | Lair:1   | Reached skill level 1 in Throwing
 13541 | Lair:1   | Reached XP level 11. HP: 32/86 MP: 24/24
 13686 | Lair:1   | Reached skill level 12 in Necromancy
 13918 | Lair:1   | Slain by a komodo dragon

Skill      XL: |  1  2  3  4  5  6  7  8  9 10 11 |
---------------+----------------------------------+-----
Spellcasting   | 2 3 4 5 6 7 9 |  9.2
Stealth        | 3 4 5 |  5.2
Necromancy     | 5 6 7 8 10 11 12 | 12.1
Axes           | 1 2 3 4 5 |  5.0
Dodging        | 3 4 5 |  5.2
Fighting       | 1 2 |  2.4
Long Blades    | 1 2 |  2.0
Throwing       | 1 |  1.9
Short Blades   | |  0.8
Maces & Flails | |  0.8
Evocations     | |  0.6

Action                   |  1- 3 |  4- 6 |  7- 9 | 10-12 || total
-------------------------+-------+-------+-------+-------++-------
Melee: Club              |     4 |       |       |       ||     4
       Dagger            |     9 |    12 |       |       ||    21
       Short sword       |       |     3 |       |       ||     3
       Broad axe         |       |    43 |   192 |    76 ||   311
       War axe           |       |       |    13 |       ||    13
       Long sword        |       |       |    22 |    17 ||    39
       Demon whip        |       |       |       |    23 ||    23
 Fire: Blowgun           |       |       |       |    30 ||    30
Throw: Tomahawk          |       |       |     8 |       ||     8
 Cast: Pain              |    54 |    37 |    80 |    42 ||   213
       Animate Skeleton  |     4 |     6 |    24 |    11 ||    45
       Vampiric Draining |     5 |    15 |    54 |    75 ||   149
       Control Undead    |       |       |    32 |    12 ||    44
       Animate Dead      |       |       |       |    12 ||    12
       Corpse Rot        |       |       |       |     1 ||     1
Invok: Receive Corpses   |       |       |       |     2 ||     2
Evoke: Wand              |       |       |     8 |     2 ||    10
  Use: Scroll            |       |     6 |     6 |     1 ||    13
       Potion            |       |       |     6 |     6 ||    12
 Stab: Sleeping          |     2 |     5 |     2 |       ||     9
       Distracted        |       |     1 |     1 |       ||     2
  Eat: Chunk             |     5 |    13 |    25 |    23 ||    66
       Royal jelly       |     1 |       |       |       ||     1
Armor: Robe              |     2 |    32 |   152 |    75 ||   261
Dodge: Dodged            |    15 |    44 |   232 |   177 ||   468
       Rpst.: Long sword |       |       |    13 |     9 ||    22
